AoeStats
← Filermon

Arabia

510119889Analyzed
2v2 RM · 2d ago on Sep 29, 2026· 84m 26s· 4 players
Game mode
Random Map
Map size
Medium (4 player)
Population
200
Speed
Normal
Resources
Standard
Victory
Conquest
Starting age
Dark Age
Ending age
Imperial Age
RankedLock teamsTeams togetherTeam positionsShared explorationLock speedFull tech treeHidden civsTurbo modeCheats
Victory
Defeat
🇨🇳 Goths · China
1139
+14
🇳🇮 Teutons · Nicaragua
1113
+15
1157
-18
🇮🇱 Franks · Israel
1014
-11
ExxD96
5:54 Loom
10:17 Feudal Age
10:38 Man-at-Arms
12:59 Arson
19:12 Double-Bit Axe
20:10 Wheelbarrow
19:37 Horse Collar
22:43 Bloodlines
25:50 Castle Age
24:48 Scale Barding Armor
24:53 Forging
27:00 Chain Barding Armor
27:16 Iron Casting
32:14 Heavy Plow
33:32 Bow Saw
38:51 Hand Cart
39:33 Gold Mining
39:33 Stone Mining
39:58 Stone Mining
40:54 Fletching
42:14 Town Watch
46:21 Imperial Age
45:17 Stone Shaft Mining
45:29 Ballistics
45:07 Bodkin Arrow
48:39 Imperial Age
50:54 Chemistry
49:16 Heavy Scorpion
49:20 Cavalier
50:06 Cavalier
52:10 Scale Mail Armor
53:11 Blast Furnace
52:49 Plate Barding Armor
60:20 Crop Rotation
61:51 Two-Man Saw
61:58 Gambesons
63:09 Paladin
63:23 Pikeman
64:03 Squires
74:25 Halberdier
77:54 Caravan
78:06 Guilds
rower56
1:04 Loom
13:07 Feudal Age
13:53 Double-Bit Axe
13:49 Horse Collar
15:27 Scale Barding Armor
15:32 Forging
18:20 Bloodlines
23:00 Castle Age
20:27 Man-at-Arms
22:13 Scale Mail Armor
22:08 Gold Mining
23:17 Stone Mining
23:48 Squires
23:23 Long Swordsman
24:22 Chain Mail Armor
25:01 Bow Saw
24:53 Heavy Plow
24:34 Pikeman
34:17 Wheelbarrow
35:31 Fletching
36:16 Iron Casting
35:50 Anarchy
37:08 Ballistics
37:08 Hand Cart
37:06 Bodkin Arrow
40:08 Imperial Age
39:57 Masonry
39:42 Murder Holes
41:31 Conscription
41:31 Guilds
42:29 Two-Man Saw
42:01 Crop Rotation
43:02 Chemistry
42:33 Architecture
42:09 Bracer
41:41 Elite Huskarl
42:24 Perfusion
41:49 Two-Handed Swordsman
44:35 Blast Furnace
43:06 Halberdier
44:01 Treadmill Crane
46:08 Champion
48:32 Padded Archer Armor
49:06 Elite Skirmisher
51:40 Fervor
51:49 Town Watch
53:19 Leather Archer Armor
53:26 Town Patrol
56:05 Ring Archer Armor
55:45 Caravan
56:16 Coinage
57:41 Light Cavalry
58:22 Husbandry
62:31 Banking
Filermon
7:37 Loom
10:17 Feudal Age
12:08 Double-Bit Axe
24:06 Castle Age
22:17 Scale Barding Armor
22:22 Forging
23:13 Gold Mining
25:53 Chain Barding Armor
28:38 Fletching
29:26 Bodkin Arrow
39:38 Gold Shaft Mining
39:16 Bow Saw
57:13 Wheelbarrow
56:48 Husbandry
56:58 Stone Mining
58:32 Iron Casting
62:46 Imperial Age
60:02 Light Cavalry
Viphera (ex Malín el frances)
2:07 Loom
9:15 Feudal Age
10:03 Man-at-Arms
11:09 Double-Bit Axe
13:43 Horse Collar
21:03 Castle Age
20:18 Gold Mining
20:38 Fletching
22:11 Bow Saw
22:01 Stone Mining
24:05 Heavy Plow
24:42 Wheelbarrow
23:52 Town Watch
25:38 Gold Shaft Mining
25:39 Stone Shaft Mining
27:44 Bodkin Arrow
28:48 Hand Cart
29:01 Padded Archer Armor
30:17 Ballistics
30:13 Leather Archer Armor
31:22 Bloodlines
34:10 Husbandry
34:16 Thumb Ring
37:22 Imperial Age
37:08 Scale Mail Armor
37:18 Forging
37:31 Elite Jomsviking
38:32 Conscription
38:14 Bracer
39:15 Chemistry
38:58 Chain Mail Armor
39:18 Iron Casting
38:46 Squires
39:57 Masonry
39:37 Arson
41:07 Plate Mail Armor
42:40 Blast Furnace
42:13 Ring Archer Armor
42:25 Hoardings
41:25 Cranequins
42:15 Heavy Mounted Crossbowman
45:23 Siege Engineers
45:13 Murder Holes
45:34 Capped Ram
46:48 Siege Ram
50:38 Heavy Scorpion
51:34 Northmen's Fury
51:38 Hamask
54:15 Onager
55:47 Pikeman
57:04 Long Swordsman
57:29 Gambesons
57:38 Two-Handed Swordsman
59:35 Champion
59:43 Halberdier
70:42 Elite Skirmisher
75:17 Light Cavalry
83:12 Scale Barding Armor
Connection lost

Rejoining the realm…

Still unreachable

The connection could not be restored.

Session expired

The server has moved on; the page needs a fresh start.